 Dungeon Crawl Stone Soup version 0.20-a0-629-gc37eb77 (webtiles) character file.

249 graki42 the Shield-Bearer (level 6, 7/38 HPs)
             Began as a Gargoyle Fighter on Feb 10, 2017.
             Quit the game on level 4 of the Dungeon.
             The game lasted 00:08:44 (2709 turns).

graki42 the Shield-Bearer (Gargoyle Fighter)        Turns: 2709, Time: 00:08:45

Health: 7/38       AC: 17    Str: 26    XL:     6   Next: 12%
Magic:  6/6        EV:  3    Int: 14    God:
Gold:   70         SH: 15    Dex:  9    Spells: 5/5 levels left

rFire    . . .     SeeInvis .   a - +0 flail
rCold    . . .     Gourm    .   x - +0 plate armour
rNeg     + + .     Faith    .   g - +0 large shield
rPois    ∞         Spirit   .   (no helmet)
rElec    +         Reflect  .   (no cloak)
rCorr    .         Harm     .   w - +0 pair of gloves
MR       .....                  (no boots)
Stlth    ..........             (no amulet)
Regen    0.2/turn               o - +5 ring of intelligence
                                q - ring of positive energy

@: mighty
A: negative energy resistance 1, electricity resistance, unbreathing,
petrification resistance, rot immunity, AC +4
a: no special abilities


You were on level 4 of the Dungeon.
You were hungry.

You visited 1 branch of the dungeon, and saw 4 of its levels.

You collected 70 gold pieces.

Inventory:

Hand Weapons
 a - a +0 flail (weapon)
Missiles
 h - 6 javelins (quivered)
Armour
 g - a +0 large shield (worn)
 w - a +0 pair of gloves (worn)
 x - a +0 plate armour (worn)
Jewellery
 o - a +5 ring of intelligence (right hand)
 q - a ring of positive energy (left hand)
Scrolls
 i - 2 scrolls of teleportation {unknown}
 m - 3 scrolls of remove curse {unknown}
 n - 2 scrolls of magic mapping {unknown}
 p - 2 scrolls of blinking {unknown}
Potions
 c - a potion of berserk rage {unknown}
 e - a potion of agility {unknown}
 l - 2 potions of magic {unknown}
 r - 3 potions of curing {unknown}
 s - a potion of heal wounds
 t - a potion of mutation
 v - a potion of cancellation {unknown}
Comestibles
 b - a royal jelly
 f - 3 bread rations
 j - 4 meat rations


   Skills:
 + Level 3.9 Fighting
 + Level 4.0 Maces & Flails
 + Level 0.3 Throwing
 + Level 4.1 Armour
 + Level 1.0 Dodging
 + Level 4.7 Shields


You had 5 spell levels left.
You didn't know any spells.

Dungeon Overview and Level Annotations

Branches:
Dungeon (4/15)
 Temple: D:4-7

Altars:
Hepliaklqana
Makhleb
Qazlal
Ru
Xom

Annotations:
D:4 Eustachio


Innate Abilities, Weirdness & Mutations

You are resistant to torment.
Your stone body is resilient. (AC +4)
You are immune to poison.
You resist negative energy. (rN+)
You are resistant to electric shocks. (rElec)
You can survive without breathing.
You are immune to petrification.
You are immune to rotting.


Message History

You barely miss the iron imp.
The iron imp is severely wounded.
The quasit bites you but does no damage.
The quasit claws you but does no damage.
You block the quasit's attack. The white imp hits you.
* * * LOW HITPOINT WARNING * * *
The white imp freezes you.
* * * LOW HITPOINT WARNING * * *
The quokka bites you.
* * * LOW HITPOINT WARNING * * *
The iron imp hits you but does no damage.
You block the quasit's attack.
The quasit claws you but does no damage. x2
The white imp gestures at you. The puff of frost hits you!
Eustachio mumbles some strange words.
Eustachio blinks!
Unknown command.
Okay, then.
Are you sure you want to abandon this character and quit the game? (Confirm with "yes".)

### #.# #.# # #..
#.# # . ..## ##.#
.# # #.. ... ... #
#.. #.# #.# .... #
#.# #.#
#.#####..... # #.#
#.# #.rr55......
####.# #.#
#.##@##.####
.#.#.####.# #.##5#
........#.###.##§#
##............##b#
..............##b#
.....###.#######.#
....####.# #.#
#........# #.#
...###...#


You could see an iron imp, a quasit, a white imp, a quokka, 2 bats and a rat.

Vanquished Creatures
  An orc priest (D:3)
  Natasha (thrice) (D:2)
  A worker ant (D:3)
  3 gnolls (D:3)
  2 adders
  An adder skeleton (D:4)
  2 worms (D:2)
  3 leopard geckos
  5 orcs (D:3)
  2 ball pythons (D:2)
  6 giant cockroaches
  5 goblins
  10 hobgoblins
  2 jackals (D:1)
  4 kobolds
  A quokka (D:2)
  3 bats
  2 frilled lizards (D:2)
  4 rats
60 creatures vanquished.

Notes
Turn   | Place    | Note
-------+----------+-------------------------------------------
     0 | D:1      | graki42 the Gargoyle Fighter began the quest for the Orb.
     0 | D:1      | Reached XP level 1. HP: 14/14 MP: 1/1
   117 | D:1      | Reached XP level 2. HP: 19/19 MP: 2/2
   908 | D:2      | Reached XP level 3. HP: 20/23 MP: 3/3
   972 | D:2      | Found a shimmering altar of Xom.
   973 | D:2      | Found a hazy altar of Hepliaklqana.
   973 | D:2      | Noticed an earth elemental
   996 | D:2      | Noticed an earth elemental
   996 | D:2      | Noticed a spectral ugly thing
  1082 | D:2      | Noticed Natasha
  1100 | D:2      | Killed Natasha
  1100 | D:2      | Reached XP level 4. HP: 17/29 MP: 4/4
  1111 | D:2      | Noticed Natasha
  1116 | D:2      | Killed Natasha
  1433 | D:2      | Noticed Natasha
  1443 | D:2      | Killed Natasha
  1443 | D:2      | Reached XP level 5. HP: 33/33 MP: 5/5
  1804 | D:3      | Reached skill level 1 in Dodging
  1985 | D:3      | Found a stormy altar of Qazlal.
  2327 | D:3      | Reached XP level 6. HP: 32/38 MP: 6/6
  2346 | D:3      | Found a burning altar of Makhleb.
  2346 | D:3      | Found a sacrificial altar of Ru.
  2589 | D:4      | Got a scorched hand axe
  2590 | D:4      | Identified the +4 hand axe of Tumult {venom, +Blink rPois rC- rN+ Dex+6} (You found it on level 4 of the Dungeon)
  2658 | D:4      | Noticed Eustachio
  2709 | D:4      | Quit the game

Vault maps used:
D:1:      scummos_arrival_star
D:2:      regret_index_temple_of_mockery, first_bread, uniq_natasha
D:3:      grunt_qazlal_sundering, amethyst_overflow_temple_binary
D:4:      lemuel_crystal_altar, uniq_eustachio, uniq_robin

Skill      XL: |  1  2  3  4  5  6 |
---------------+-------------------+-----
Maces & Flails | 3 4 |  4.0
Armour         | 4 |  4.1
Shields        | 4 |  4.7
Dodging        | 1 |  1.0
Fighting       | |  3.9
Throwing       | |  0.3

Action                   |  1- 3 |  4- 6 || total
-------------------------+-------+-------++-------
Melee: Flail             |    82 |   280 ||   362
Throw: Javelin           |     3 |       ||     3
  Use: Scroll            |       |     3 ||     3
       Potion            |       |     1 ||     1
  Eat: Chunk             |       |     6 ||     6
Armor: Scale mail        |    37 |    41 ||    78
       Plate armour      |       |   186 ||   186
Dodge: Dodged            |    13 |    35 ||    48
Block: Large shield      |    60 |   282 ||   342
       Shield            |     2 |       ||     2
